 Dungeon Crawl Stone Soup version 0.31-a0-848-gaac375c287 (webtiles) character file.

Game seed: 15761463249459709442

87 Armakuni the Covered (level 4, -1/35 HPs)
             Began as a Human Fighter on Oct 4, 2023.
             Killed from afar by Natasha (7 damage)
             ... with a magic dart
             ... on level 2 of the Dungeon.
             The game lasted 00:02:41 (1024 turns).

Armakuni the Covered (Human Fighter)                Turns: 1024, Time: 00:02:42

Health: -1/35      AC:  7    Str: 19    XL:     4   Next: 80%
Magic:  4/4        EV: 10    Int:  8    God:
Gold:   103        SH:  4    Dex: 12    Spells: 3/3 levels left

rFire   . . .        a - +0 flail
rCold   . . .        c - +0 buckler
rNeg    . . .        b - +0 scale mail
rPois   .            (no helmet)
rElec   .            (no cloak)
rCorr   .            (no gloves)
SInv    .            (no boots)
Will    .....        (no amulet) Stlth
                     (no ring)
HPRegen 0.25/turn    (no ring)
MPRegen 0.09/turn

%: no passive effects
@: no status effects
A: no striking features
a: no special abilities


You were on level 2 of the Dungeon.
You visited 1 branch of the dungeon, and saw 2 of its levels.

You collected 103 gold pieces.

Inventory:

Hand Weapons
 a - a +0 flail (weapon)
Armour
 b - a +0 scale mail (worn)
 c - a +0 buckler (worn)
Magical Staves
 e - a staff of air
Jewellery
 J - a ring of ice
Wands
 d - a wand of paralysis (10)
Potions
 f - 2 potions of haste
 h - 2 potions of curing {unknown}
 j - a potion of attraction {unknown}


   Skills:
 - Level 3.0 Fighting
 - Level 2.0 Maces & Flails
 - Level 4.0 Armour
 - Level 2.0 Dodging
 + Level 3.7 Shields
 + Level 0.0 Evocations


You had 3 spell levels left.
You didn't know any spells.
Your spell library contained the following spells:

 Spells                   Type           Power      Damage    Failure   Level
 Foxfire                  Conj/Fire      0%         2x1d4     85%         1
 Brom's Barrelling Bould  Conj/Erth      0%         2d3       100%        4
 Fireball                 Conj/Fire      0%         3d3       100%        5
 Iskenderun's Battlesphe  Conj           0%         2d6       100%        5
 Conjure Ball Lightning   Conj/Air       0%         3x3d6     100%        6
 Plasma Beam              Fire/Air       0%         2x1d10    100%        6
 Starburst                Conj/Fire      0%         6d3       100%        6
 Orb of Destruction       Conj           0%         9d5       100%        7


Dungeon Overview and Level Annotations

Branches:
Dungeon (2/15)

Altars:
Fedhas

Annotations:
D:2 Natasha


Message History

You resist with some effort.
You closely miss Natasha.
Natasha is heavily wounded.
Natasha barely misses you.
You hit Natasha but do no damage.
Natasha is heavily wounded.
Natasha claws you.
You hit Natasha but do no damage.
Natasha is heavily wounded.
Natasha claws you.
You closely miss Natasha.
Natasha is heavily wounded.
Natasha closely misses you. You block Natasha's attack.
You hit Natasha.
Natasha is severely wounded.
You block Natasha's attack.
You closely miss Natasha.
Natasha is severely wounded.
Natasha barely misses you. Natasha claws you.
You closely miss Natasha.
Natasha is severely wounded.
Natasha claws you!
You are too injured to fight recklessly!
You are too injured to fight recklessly!
You barely miss Natasha.
Natasha is severely wounded.
Natasha casts a spell at you. The magic dart hits you.
* * * LOW HITPOINT WARNING * * *
You barely miss Natasha.
Natasha is severely wounded.
Natasha claws you.
* * * LOW HITPOINT WARNING * * *
You hit Natasha.
Natasha is severely wounded.
Natasha claws you but does no damage. Natasha casts a spell at you.
The magic dart hits you!
You die...
Natasha curls up and begins to purr.

...... .......#...........###§§§
...............#.....†.....##≈§..
... .........##.........##≈§..§
..........#........##≈§....
.#####....#.......##≈≈§....
#....#.......#≈§......
#....#.......#≈.§§...≈
####....#.......#§....§≈≈
........@.......#§.≈§§≈§≈
.......h#.......#§§≈§≈§≈≈
........##......#§§.§..≈§
........##.....##§§§....≈
...#............#§§§.....
.........#.###..##≈≈...§.
#.....<...).†..###§§§§§.
#........#####..#.##≈§§§.
#..#...#........#..##§≈§.


You could see Natasha.

Vanquished Creatures
  Natasha (D:2)
  2 adders (D:2)
  A worm (D:2)
  2 dart slugs (D:1)
  4 endoplasms (D:1)
  6 goblins
  3 hobgoblins (D:1)
  A quokka (D:1)
  3 ball pythons
  3 bats (D:1)
  7 frilled lizards
  4 kobolds (D:1)
  4 rats
41 creatures vanquished.

Notes
Turn   | Place    | Note
-------+----------+-------------------------------------------
     0 | D:1      | Armakuni the Human Fighter began the quest for the Orb.
     0 | D:1      | Reached XP level 1. HP: 18/18 MP: 1/1
    65 | D:1      | Reached skill level 1 in Dodging
    79 | D:1      | Reached XP level 2. HP: 24/24 MP: 2/2
   295 | D:1      | Reached XP level 3. HP: 29/29 MP: 3/3
   775 | D:2      | Reached skill level 4 in Armour
   775 | D:2      | Reached XP level 4. HP: 35/35 MP: 4/4
   812 | D:2      | Noticed Natasha
   819 | D:2      | Killed Natasha
   844 | D:2      | Found a blossoming altar of Fedhas.
  1008 | D:2      | Noticed Natasha
  1024 | D:2      | Killed from afar by Natasha

Illustrated notes

Levels and vault maps discovered:
D:1:      psy_arrival_conway, layout_rooms, minmay_misc_feat_four_crosses,
          minmay_pentomino_v4
D:2:      layout_basic, serial_glass, glass_columns_a, glass_columns_c,
          basic_altar, amcnicky_mini_rare_corridor_liquid,
          kennysheep_cross_room, uniq_natasha

Skill      XL: |  1  2  3 |
---------------+----------+-----
Dodging        | 1 2 |  2.0
Armour         | 4 |  4.0
Fighting       | |  3.0
Maces & Flails | |  2.0
Shields        | |  3.7

Action                     |  1- 3 |  4- 6 || total
---------------------------+-------+-------++-------
  Melee: Flail             |   121 |    40 ||   161
    Use: Scroll            |     3 |       ||     3
         Potion            |     1 |       ||     1
 Armour: Scale mail        |    90 |    32 ||   122
  Dodge: Dodged            |    60 |    25 ||    85
  Block: Buckler           |    25 |    10 ||    35

Table legend: (Time is in decaauts)
 A = Elapsed time spent in this place.
 B = Non-inter-level travel time spent in this place.
 C = Inter-level travel time spent in this place.
 D = Time resting spent in this place.
 E = Time spent auto-exploring this place.
 F = Levels seen in this place.
 G = Mean time per level.
                   A        B        C        D        E       F      G
               +--------+--------+--------+--------+--------+-----+--------+
         Total |   1095 |   1078 |     17 |     49 |    636 |   2 |  547.5 |
       Dungeon |   1095 |   1078 |     17 |     49 |    636 |   2 |  547.5 |
               +--------+--------+--------+--------+--------+-----+--------+

Top non-repeatable levels by time:
     D:1: 583 daAuts
     D:2: 511 daAuts
